SAAA
ALASKAN HUMPBACKS @ PURE MICHIGAN GREAT LAKERS
08/12/2029
 
TOP OF THE 1ST
Alaskan Humpbacks batting - Pitching for Pure Michigan Great Lakers : RHP Kazu Shimada
Pitching: RHP Kazu Shimada
Batting: RHB Gregory Shankland 0-0: Fly out, F9 (Flyball, 89D)
Batting: RHB Jesús Torres 0-0: Swinging Strike
0-1: Foul Ball, location: 2F
0-2: Strikes out looking
Batting: RHB Urs van Munster 0-0: Called Strike
0-1: Called Strike
0-2: Ball
1-2: Ball
2-2: Foul Ball, location: 2F
2-2: SINGLE (Flyball, 9S)
Batting: LHB Miguel Martínez 0-0: Ball
Urs van Munster steals 2nd base
1-0: Fly out, F7 (Flyball, 7)
Top of the 1st over - 0 runs, 1 hit, 0 errors, 1 left on base; Alaskan 0 - Pure Michigan 0
BOTTOM OF THE 1ST
Pure Michigan Great Lakers batting - Pitching for Alaskan Humpbacks : RHP Delano Turnipseed
Pitching: RHP Delano Turnipseed
Batting: RHB Roberto Hernández 0-0: Swinging Strike
0-1: Called Strike
0-2: Ball
1-2: Ball
2-2: Ball
3-2: Foul Ball, location: 2F
3-2: Fly out, F8 (Flyball, 78M)
Batting: LHB Lance Antle 0-0: Called Strike
0-1: Swinging Strike
0-2: Ball
1-2: Strikes out swinging
Batting: LHB Ye Der 0-0: SINGLE (Groundball, 34D)
Batting: SHB Keyveat Postell 0-0: Called Strike
0-1: Swinging Strike
0-2: Ball
1-2: Foul Ball, location: 2F
1-2: Ball
2-2: Foul Ball, location: 2F
2-2: Strikes out swinging
Bottom of the 1st over - 0 runs, 1 hit, 0 errors, 1 left on base; Alaskan 0 - Pure Michigan 0
TOP OF THE 2ND
Alaskan Humpbacks batting - Pitching for Pure Michigan Great Lakers : RHP Kazu Shimada
Batting: RHB Jesús Amador 0-0: Ground out 5-3 (Groundball, 56S)
Batting: RHB Rob Morse 0-0: Fly out, F8 (Flyball, 8LS)
Batting: RHB José López 0-0: Ball
1-0: Foul Ball, location: 2F
1-1: Swinging Strike
1-2: Strikes out swinging
Top of the 2nd over - 0 runs, 0 hits, 0 errors, 0 left on base; Alaskan 0 - Pure Michigan 0
BOTTOM OF THE 2ND
Pure Michigan Great Lakers batting - Pitching for Alaskan Humpbacks : RHP Delano Turnipseed
Batting: RHB Zong-yuan Fung 0-0: Ball
1-0: Fly out, F7 (Flyball, 7LMF)
Batting: LHB César Muńóz 0-0: Ball
1-0: Called Strike
1-1: Fly out, F8 (Line Drive, 8RM)
Batting: RHB Martín Alejadre 0-0: Ground out 5-3 (Groundball, 56S)
Bottom of the 2nd over - 0 runs, 0 hits, 0 errors, 0 left on base; Alaskan 0 - Pure Michigan 0
TOP OF THE 3RD
Alaskan Humpbacks batting - Pitching for Pure Michigan Great Lakers : RHP Kazu Shimada
Batting: RHB Peter Agulera 0-0: Ball
1-0: Ball
2-0: Called Strike
2-1: Ball
3-1: TRIPLE (Flyball, 89XD)
Batting: RHB Adrian Barr 0-0: Foul Ball, location: 2F
0-1: Foul Ball, location: 2F
0-2: Foul Ball, location: 2F
0-2: SINGLE (Line Drive, 56D)
Peter Agulera scores
Batting: RHB Gregory Shankland 0-0: Ball
1-0: SINGLE (Flyball, 8LM)
Adrian Barr to second
Batting: RHB Jesús Torres 0-0: Ball
1-0: Ball
2-0: Called Strike
2-1: Called Strike
2-2: Foul Ball, location: 2F
2-2: Strikes out swinging
Batting: RHB Urs van Munster 0-0: Ball
1-0: Foul Ball, location: 2F
1-1: SINGLE (Flyball, 9LS)
Adrian Barr to third
Gregory Shankland to second
Batting: LHB Miguel Martínez 0-0: Ball
1-0: Ball
2-0: Ball
3-0: Called Strike
3-1: Foul Ball, location: 2F
3-2: Base on Balls
Adrian Barr scores
Gregory Shankland to third
Urs van Munster to second
Batting: RHB Jesús Amador 0-0: Ball
1-0: Fly out, F2 (Popup, 23F)
Batting: RHB Rob Morse 0-0: Ball
1-0: Ball
2-0: Ball
Wild Pitch!
Gregory Shankland scores
Urs van Munster to third
Miguel Martínez to second
3-0: Base on Balls
Batting: RHB José López 0-0: Foul Ball, location: 2F
0-1: Ball
1-1: Ball
Wild Pitch!
Urs van Munster scores
Miguel Martínez to third
Rob Morse to second
2-1: Ball
3-1: Fly out, F7 (Line Drive, 7D)
Top of the 3rd over - 4 runs, 4 hits, 0 errors, 2 left on base; Alaskan 4 - Pure Michigan 0
BOTTOM OF THE 3RD
Pure Michigan Great Lakers batting - Pitching for Alaskan Humpbacks : RHP Delano Turnipseed
Batting: RHB Lorenzo Ruíz 0-0: Fly out, F9 (Line Drive, 9D)
Batting: RHB Bob Barlow 0-0: Called Strike
0-1: Ball
1-1: Foul Ball, location: 2F
1-2: Foul Ball, location: 2F
1-2: Foul Ball, location: 2F
1-2: SINGLE (Groundball, 6S) (infield hit)
Batting: RHB Roberto Hernández 0-0: Swinging Strike
0-1: Swinging Strike
0-2: Ball
Pickoff Throw by Catcher to First - Out!
1-2: Ball
2-2: Ball
3-2: Base on Balls
Batting: LHB Lance Antle 0-0: Foul Ball, location: 2F
0-1: Foul Ball, location: 2F
0-2: Foul Ball, location: 2F
0-2: Ground out 4-3 (Groundball, 34)
Bottom of the 3rd over - 0 runs, 1 hit, 0 errors, 1 left on base; Alaskan 4 - Pure Michigan 0
TOP OF THE 4TH
Alaskan Humpbacks batting - Pitching for Pure Michigan Great Lakers : RHP Kazu Shimada
Batting: RHB Peter Agulera 0-0: Ball
1-0: Ball
2-0: Called Strike
2-1: Foul Ball, location: 2F
2-2: SINGLE (Line Drive, 34D)
Batting: RHB Adrian Barr 0-0: SINGLE (Groundball, 34D)
Peter Agulera to second
Peter Agulera to third
Batting: RHB Gregory Shankland 0-0: Ball
1-0: Called Strike
1-1: Ball
2-1: Swinging Strike
2-2: Strikes out swinging
Batting: RHB Jesús Torres 0-0: Fielders Choice at 2nd, 3-6 (Groundball, 34)
Peter Agulera scores
Batting: RHB Urs van Munster Pickoff Throw to First - Error! E1
Jesús Torres to second
0-0: Ball
1-0: Ball
2-0: Ball
3-0: Base on Balls
Batting: LHB Miguel Martínez 0-0: Called Strike
0-1: Ball
1-1: Swinging Strike
1-2: Ball
2-2: Ball
3-2: Foul Ball, location: 2F
3-2: Base on Balls
Jesús Torres to third
Urs van Munster to second
Batting: RHB Jesús Amador 0-0: Called Strike
0-1: Ball
1-1: Ground out U3 (Groundball, 3S)
Top of the 4th over - 1 run, 2 hits, 1 error, 3 left on base; Alaskan 5 - Pure Michigan 0
BOTTOM OF THE 4TH
Pure Michigan Great Lakers batting - Pitching for Alaskan Humpbacks : RHP Delano Turnipseed
Batting: LHB Ye Der 0-0: Ball
1-0: Ball
2-0: Ground out 3-1 (Groundball, 34)
Batting: SHB Keyveat Postell 0-0: Ground out 5-3 (Groundball, 5)
Batting: RHB Zong-yuan Fung 0-0: Called Strike
0-1: Ball
1-1: Swinging Strike
1-2: Fly out, F3 (Popup, 3S)
Bottom of the 4th over - 0 runs, 0 hits, 0 errors, 0 left on base; Alaskan 5 - Pure Michigan 0
TOP OF THE 5TH
Alaskan Humpbacks batting - Pitching for Pure Michigan Great Lakers : RHP Kazu Shimada
Batting: RHB Rob Morse 0-0: Ball
1-0: Ball
2-0: Called Strike
2-1: Ball
3-1: SINGLE (Groundball, 56D)
Batting: RHB José López 0-0: Called Strike
Rob Morse steals 2nd base
0-1: Called Strike
0-2: Strikes out swinging
Batting: RHB Peter Agulera 0-0: Called Strike
0-1: Ball
1-1: Ball
2-1: Fly out, F7 (Flyball, 7LSF)
Batting: RHB Adrian Barr 0-0: Called Strike
0-1: Ground out 1-3 (Groundball, 13)
Top of the 5th over - 0 runs, 1 hit, 0 errors, 1 left on base; Alaskan 5 - Pure Michigan 0
BOTTOM OF THE 5TH
Pure Michigan Great Lakers batting - Pitching for Alaskan Humpbacks : RHP Delano Turnipseed
Batting: LHB César Muńóz 0-0: Fly out, F8 (Flyball, 8LS)
Batting: RHB Martín Alejadre 0-0: Foul Ball, location: 2F
0-1: Ground out 1-3 (Groundball, P)
Batting: RHB Lorenzo Ruíz 0-0: Fly out, F7 (Line Drive, 7LM)
Bottom of the 5th over - 0 runs, 0 hits, 0 errors, 0 left on base; Alaskan 5 - Pure Michigan 0
TOP OF THE 6TH
Alaskan Humpbacks batting - Pitching for Pure Michigan Great Lakers : RHP Kazu Shimada
Pitching: LHP Kent Scalici
Batting: RHB Gregory Shankland 0-0: Reached on error, E7 (Flyball, 7S)
Batting: RHB Jesús Torres 0-0: Called Strike
0-1: SINGLE (Line Drive, 4)
Gregory Shankland to second
Batting: RHB Urs van Munster 0-0: Fly out, F5 (Line Drive, 5)
Batting: LHB Miguel Martínez 0-0: Ball
1-0: Called Strike
1-1: Ball
2-1: Foul Ball, location: 2F
2-2: SINGLE (Line Drive, 6D)
Gregory Shankland to third
Jesús Torres to second
Batting: RHB Jesús Amador 0-0: Ball
1-0: Ball
2-0: Ball
3-0: Called Strike
3-1: Base on Balls
Gregory Shankland scores
Jesús Torres to third
Miguel Martínez to second
Batting: RHB Rob Morse 0-0: SINGLE (Groundball, 34D)
Jesús Torres scores
Miguel Martínez to third
Jesús Amador to second
Runner from 3rd tries for Home, SAFE, no throw
Batting: RHB José López 0-0: Called Strike
0-1: Fly out, F9 (Flyball, 9D)
Runner from 2nd tags up, SAFE at 3rd, no throw
Batting: RHB Peter Agulera 0-0: Called Strike
0-1: Ball
1-1: Fly out, F4 (Popup, 4)
Top of the 6th over - 3 runs, 3 hits, 1 error, 2 left on base; Alaskan 8 - Pure Michigan 0
BOTTOM OF THE 6TH
Pure Michigan Great Lakers batting - Pitching for Alaskan Humpbacks : RHP Delano Turnipseed
Batting: RHB Bob Barlow 0-0: SINGLE (Groundball, 56D)
Batting: RHB Roberto Hernández 0-0: Ball
1-0: Called Strike
1-1: Called Strike
1-2: Ball
2-2: Foul Ball, location: 2F
2-2: Fly out, F5 (Line Drive, 5)
Batting: LHB Lance Antle 0-0: Called Strike
0-1: Ball
1-1: Ball
2-1: Foul Ball, location: 2F
2-2: Fly out, F7 (Flyball, 7LD)
Batting: LHB Ye Der 0-0: Ball
1-0: Ball
2-0: Ball
3-0: Base on Balls
Bob Barlow to second
Batting: SHB Keyveat Postell 0-0: Called Strike
0-1: Ball
1-1: Foul Ball, location: 2F
1-2: Ball
2-2: Fly out, F7 (Flyball, 7)
Bottom of the 6th over - 0 runs, 1 hit, 0 errors, 2 left on base; Alaskan 8 - Pure Michigan 0
TOP OF THE 7TH
Alaskan Humpbacks batting - Pitching for Pure Michigan Great Lakers : LHP Kent Scalici
Batting: RHB Adrian Barr 0-0: Called Strike
0-1: Foul Ball, location: 2F
0-2: Strikes out looking
Batting: RHB Gregory Shankland 0-0: Ball
1-0: Ball
2-0: Ball
3-0: Called Strike
3-1: Called Strike
3-2: Strikes out looking
Batting: RHB Jesús Torres 0-0: Ball
1-0: Called Strike
1-1: Swinging Strike
1-2: Ball
2-2: Fly out, F8 (Line Drive, 8LM)
Top of the 7th over - 0 runs, 0 hits, 0 errors, 0 left on base; Alaskan 8 - Pure Michigan 0
BOTTOM OF THE 7TH
Pure Michigan Great Lakers batting - Pitching for Alaskan Humpbacks : RHP Delano Turnipseed
Batting: RHB Zong-yuan Fung 0-0: Called Strike
0-1: Ball
1-1: Foul Ball, location: 2F
1-2: Ball
2-2: Fly out, F7 (Flyball, 7LM)
Batting: LHB César Muńóz 0-0: Called Strike
0-1: SINGLE (Groundball, 34D)
Batting: RHB Martín Alejadre 0-0: Ball
1-0: Ground out U3 (Groundball, 3S)
César Muńóz to second
Batting: RHB Lorenzo Ruíz 0-0: Ball
1-0: Ground out 4-3 (Groundball, 4)
Bottom of the 7th over - 0 runs, 1 hit, 0 errors, 1 left on base; Alaskan 8 - Pure Michigan 0
TOP OF THE 8TH
Alaskan Humpbacks batting - Pitching for Pure Michigan Great Lakers : LHP Kent Scalici
Batting: RHB Urs van Munster 0-0: Foul Ball, location: 2F
0-1: TRIPLE (Flyball, 8LXD)
Batting: LHB Miguel Martínez 0-0: Foul Ball, location: 2F
0-1: Ball
1-1: Ball
2-1: Foul Ball, location: 2F
2-2: Ground out U3 (Groundball, 3S)
Batting: RHB Jesús Amador 0-0: Foul Ball, location: 2F
0-1: Foul Ball, location: 2F
0-2: Ground out 3-1 (Groundball, 34)
Urs van Munster scores
Batting: RHB Rob Morse 0-0: Ball
1-0: Called Strike
1-1: Ground out 6-3 (Groundball, 6)
Top of the 8th over - 1 run, 1 hit, 0 errors, 0 left on base; Alaskan 9 - Pure Michigan 0
BOTTOM OF THE 8TH
Pure Michigan Great Lakers batting - Pitching for Alaskan Humpbacks : RHP Delano Turnipseed
Pitching: RHP Juan Sánchez
Batting: RHB Bob Barlow 0-0: Called Strike
0-1: Foul Ball, location: 2F
0-2: Foul Ball, location: 2F
0-2: Foul Ball, location: 2F
0-2: Foul Ball, location: 2F
0-2: Ball
1-2: Foul Ball, location: 2F
1-2: Foul Ball, location: 2F
1-2: Ball
2-2: Fly out, F7 (Line Drive, 7S)
Batting: RHB Roberto Hernández 0-0: Called Strike
0-1: Ball
1-1: Ball
2-1: Ground out 5-3 (Groundball, 5)
Batting: LHB Lance Antle 0-0: Ball
1-0: Ball
2-0: Swinging Strike
2-1: Ground out U3 (Groundball, 3)
Bottom of the 8th over - 0 runs, 0 hits, 0 errors, 0 left on base; Alaskan 9 - Pure Michigan 0
TOP OF THE 9TH
Alaskan Humpbacks batting - Pitching for Pure Michigan Great Lakers : LHP Kent Scalici
Batting: RHB José López 0-0: SINGLE (Line Drive, 7S)
Batting: RHB Peter Agulera 0-0: Called Strike
0-1: Ball
1-1: Ball
2-1: Called Strike
2-2: Ball
3-2: DOUBLE (Line Drive, 8RD)
José López to third
Batting: RHB Adrian Barr 0-0: Ball
1-0: Ball
2-0: Foul Ball, location: 2F
2-1: Foul Ball, location: 2F
2-2: Foul Ball, location: 2F
2-2: Foul Ball, location: 2F
2-2: Foul Ball, location: 2F
2-2: Ball
3-2: Ground out 5-3 (Groundball, 56)
José López scores
Batting: RHB Gregory Shankland 0-0: Ball
1-0: Ball
2-0: Ball
3-0: Base on Balls
Batting: RHB Jesús Torres 0-0: Ball
1-0: Ball
2-0: Fielders Choice at 2nd, 4-6 (Groundball, 4M)
Peter Agulera to third
Batting: RHB Urs van Munster 0-0: Called Strike
0-1: Fly out, F3 (Popup, 34S)
Top of the 9th over - 1 run, 2 hits, 0 errors, 2 left on base; Alaskan 10 - Pure Michigan 0
BOTTOM OF THE 9TH
Pure Michigan Great Lakers batting - Pitching for Alaskan Humpbacks : RHP Juan Sánchez
Batting: LHB Ye Der 0-0: Swinging Strike
0-1: Ball
1-1: Swinging Strike
1-2: Strikes out swinging
Pinch Hitting: RHB Cole Shaffer 0-0: Ball
1-0: Ball
2-0: Foul Ball, location: 2F
2-1: Ball
3-1: Foul Ball, location: 2F
3-2: Fly out, F7 (Line Drive, 7)
Batting: RHB Zong-yuan Fung 0-0: Called Strike
0-1: Ball
1-1: Ground out 1-3 (Groundball, 13S)
Bottom of the 9th over - 0 runs, 0 hits, 0 errors, 0 left on base; Alaskan 10 - Pure Michigan 0
Tuesday, December 19th, 2017 - OOTP Baseball 18.8 Build 76